 Dungeon Crawl Stone Soup version 0.21.1-1-g345015f (webtiles) character file.

53 Monsterracer the Firebug (level 3, 0/21 HPs)
             Began as an Octopode Fire Elementalist on Feb 13, 2018.
             Succumbed to an adder's poison
             ... on level 2 of the Dungeon.
             The game lasted 00:02:07 (1746 turns).

Monsterracer the Firebug (OpFE)                     Turns: 1746, Time: 00:02:08

Health: 0/21       AC:  1    Str:  7    XL:     3   Next: 89%
Magic:  0/6        EV: 13    Int: 18    God:
Gold:   104        SH:  0    Dex: 12    Spells: 2/6 levels left

rFire    . . .     SeeInvis +   a - +0 dagger
rCold    . . .     Gourm    .   (no shield)
rNeg     . . .     Faith    .   (helmet restricted)
rPois    .         Spirit   .   (no amulet)
rElec    .         Reflect  .   e - ring of see invisible
rCorr    .         Harm     .   (no ring)
MR       .....                  (no ring)
Stlth    +++.......             (no ring)
HPRegen  0.07/turn              (no ring)
MPRegen  0.10/turn              (no ring)
                                (no ring)
                                (no ring)

@: lethally poisoned (0 -> -13), very slightly contaminated
A: almost no armour, stealthy swim, amphibious, 8 rings, constrict 8, camouflage
1, gelatinous body 1
a: no special abilities


You were on level 2 of the Dungeon.
You were hungry.

You visited 1 branch of the dungeon, and saw 2 of its levels.

You collected 104 gold pieces.

Inventory:

Hand Weapons
 a - a +0 dagger (weapon)
 b - a +0 spear
Jewellery
 e - a ring of see invisible (left tentacle)
Scrolls
 g - a scroll of magic mapping {unknown}
 h - a scroll of remove curse {unknown}
Books
 d - a book of Flames

   Spells                             Type                      Level
   a - Flame Tongue                   Conjuration/Fire             1
   b - Throw Flame                    Conjuration/Fire             2
   c - Conjure Flame                  Conjuration/Fire             3
   d - Inner Flame                    Hexes/Fire                   3
   e - Sticky Flame                   Conjuration/Fire             4
   f - Fireball                       Conjuration/Fire             5
Comestibles
 c - 2 rations


   Skills:
 - Level 2.0 Dodging
 - Level 2.6 Stealth
 + Level 2.4 Spellcasting
 * Level 2.3 Conjurations
 * Level 3.7 Fire Magic


You had 2 spell levels left.
You knew the following spells:

 Your Spells              Type           Power        Failure   Level  Hunger
a - Flame Tongue          Conj/Fire      ##...        4%          1    #......
b - Conjure Flame         Conj/Fire      ##......     16%         3    ###....


Dungeon Overview and Level Annotations

Branches:
Dungeon (2/15)

Altars:


Innate Abilities, Weirdness & Mutations

You cannot wear most types of armour.
You are very stealthy in the water. (Stealth+)
You are amphibious.
You can wear up to eight rings at the same time.
You can use your tentacles to constrict eight enemies at once.
Your skin changes colour to match your surroundings (Stealth+).
Your rubbery body absorbs attacks. (AC +1, EV +1)


Message History

Found a leather armour.
A frilled lizard comes into view.
A frilled lizard is nearby!
No target in view!
No target in view!
The frilled lizard is too close now for your liking.
Found a yellow potion.
A frilled lizard is nearby!
You hit the frilled lizard.
You kill the frilled lizard!
No target in view!
No target in view!
A rat comes into view.
Found a ring mail and a fuming grey potion.
Found a stone staircase leading up.
A rat is nearby!
Found a spear.
An adder and a hobgoblin come into view.
Found a cloak.
Found a stone staircase leading up.
The adder hisses angrily.
The hobgoblin shouts!
You hit the rat. You grab the rat.
You kill the rat!
A bat comes into view.
Casting: Flame Tongue
Confirm with . or Enter, or press ? or * to list all spells.
Aiming: Flame Tongue
Press: ? - help, Shift-Dir - straight line, f - adder
Aim: an adder The flame tongue hits the adder.
The adder is severely wounded.
The adder barely misses you.
You now have 5/6 mp.
Casting: Flame Tongue
Confirm with . or Enter, or press ? or * to list all spells.
Aiming: Flame Tongue
Press: ? - help, Shift-Dir - straight line, f/p - adder
Aim: an adder (severely wounded)
You miscast Flame Tongue.
You are very lightly contaminated with residual magic.
Nothing appears to happen.
The adder closely misses you. The bat completely misses you.
You now have 4/6 mp.
Casting: Flame Tongue
Confirm with . or Enter, or press ? or * to list all spells.
Aiming: Flame Tongue
Press: ? - help, Shift-Dir - straight line, f/p - adder
Aim: an adder (severely wounded)
The flame tongue misses the adder.
The bat misses you. The adder closely misses you. x2
You now have 3/6 mp.
Casting: Flame Tongue
Confirm with . or Enter, or press ? or * to list all spells.
Aiming: Flame Tongue
Press: ? - help, Shift-Dir - straight line, f/p - adder
Aim: an adder (severely wounded)
The flame tongue hits the adder.
The adder is almost dead.
The adder bites you.
You are poisoned.
The adder poisons you!
You take 3 damage, and have 18/21 hp.
You now have 2/6 mp.
Casting: Flame Tongue
Confirm with . or Enter, or press ? or * to list all spells.
Aiming: Flame Tongue
Press: ? - help, Shift-Dir - straight line, f/p - adder
Aim: an adder (almost dead)
You miscast Flame Tongue.
Nothing appears to happen.
You feel sick. The adder bites you. The hobgoblin hits you with a club.
You take 7 damage, and have 11/21 hp.
MASSIVE DAMAGE!!
You now have 1/6 mp.
Casting: Flame Tongue
Confirm with . or Enter, or press ? or * to list all spells.
Aiming: Flame Tongue
Press: ? - help, Shift-Dir - straight line, f/p - adder
Aim: an adder (almost dead)
You miscast Flame Tongue.
Nothing appears to happen.
The adder bites you.
* * * LOW HITPOINT WARNING * * *
You are lethally poisoned!
The adder poisons you! The adder bites you.
* * * LOW HITPOINT WARNING * * *
You are more poisoned.
The adder poisons you! The hobgoblin closely misses you.
You take 7 damage, and have 4/21 hp.
MASSIVE DAMAGE!!
You now have 0/6 mp.
You hit the adder.
You kill the adder!
* * * LOW HITPOINT WARNING * * *
You feel sick. The bat hits you but does no damage.
You take 1 damage, and have 3/21 hp.
Unknown command.
You hit the hobgoblin. You grab the hobgoblin.
The hobgoblin is moderately wounded.
You constrict the hobgoblin, but do no damage.
* * * LOW HITPOINT WARNING * * *
You feel sick. The bat hits you but does no damage. The hobgoblin misses you.
You take 2 damage, and have 1/21 hp.
You hit the hobgoblin but do no damage.
The hobgoblin is moderately wounded.
You constrict the hobgoblin.
You die...

##......[.# #.<.....#
#.....####
#.......###.#...####.
#..........<.........
#.......##...........
#..)....#####........
#.......# ##...##...
#....<.b####.........
#....†..@.......#...
#......g...........#
#..[.!.###.#####.###
#......# .... ..#
#########.#.... ...
#. ....[ .# #. .....
.. ..!..


You could see a hobgoblin and a bat.

Vanquished Creatures
  An adder (D:2)
  2 dart slugs (D:1)
  A leopard gecko (D:1)
  2 bats (D:1)
  A giant cockroach (D:1)
  7 goblins (D:1)
  7 hobgoblins (D:1)
  4 jackals (D:1)
  3 kobolds (D:1)
  2 frilled lizards
  5 rats
35 creatures vanquished.

Notes
Turn   | Place    | Note
-------+----------+-------------------------------------------
     0 | D:1      | Monsterracer the Octopode Fire Elementalist began the quest for the Orb.
     0 | D:1      | Reached XP level 1. HP: 11/11 MP: 3/3
   255 | D:1      | Reached XP level 2. HP: 17/17 MP: 5/5
   358 | D:1      | HP: 4/17 [hobgoblin/club (7)]
   712 | D:1      | Reached XP level 3. HP: 21/21 MP: 6/6
   724 | D:1      | Learned a level 3 spell: Conjure Flame
  1743 | D:2      | HP: 8/21 [adder (3)]
  1744 | D:2      | HP: 3/21 [poisoned by an adder]
  1745 | D:2      | HP: 1/21 [poisoned by an adder]
  1746 | D:2      | Succumbed to an adder's poison

Skill      XL: |  1  2  3 |
---------------+----------+-----
Conjurations   | 2 |  2.3
Dodging        | |  2.0
Stealth        | |  2.6
Spellcasting   | |  2.4
Fire Magic     | |  3.7

Action                   || total
-------------------------++-------
Melee: Dagger            ||    43
       Constrict         ||    15
       Tentacles         ||     6
 Cast: Flame Tongue      ||    22
 Stab: Sleeping          ||    11
  Eat: Chunk             ||     2
Armor: Skin              ||     5
Dodge: Dodged            ||    28

Vault maps used:
D:1:      dpeg_arrival_circle_labyrinth_c, serial_co_window_serial,
          co_window_corner_a, co_window_corner_a, co_window_paths_a,
          co_window_paths_a, co_window_paths_b, co_window_of_opportunity_a,
          co_window_of_opportunity_a, co_window_paths_c,
          co_window_of_opportunity_b, co_window_2corner, glass_columns_a,
          glass_columns_a, glass_columns_c, glass_columns_a, st_stairs_11
D:2:      lemuel_doored_altar, first_ration, uniq_sigmund,
          uniq_crazy_yiuf_cottage
